 Dungeon Sprint DCSS version 0.23-a0-650-ga4d50d4 (webtiles) character file.

4949 Leeroy the Fencer (level 10, 0/71 HPs)
             Began as a Barachi Ice Elementalist on Jan 4, 2019.
             Was the Champion of Qazlal.
             Killed from afar by a black draconian (6 damage)
             ... with a bolt of lightning
             ... in the Dungeon (Sprint V: "Ziggurat Sprint").
             The game lasted 00:09:50 (1671 turns).

Leeroy the Fencer (Barachi Ice Elementalist)        Turns: 1671, Time: 00:09:50

Health: 0/71       AC: 28    Str:  9    XL:     10   Next: 52%
Magic:  13/17      EV: -4    Int: 20    God:    Qazlal [******]
Gold:   0          SH: 32    Dex: 12    Spells: 1/13 levels left

rFire    + . .     SeeInvis .   H - +7 Screaming Sword {slice, sonic wave}
rCold    + . .     Gourm    .   L - +18 shield of the Gong {rElec rN+ MR+ EV-5}
rNeg     + . .     Faith    .   K - +15 Maxwell's patent armour {-Cast -Tele rElec MR+ rCorr}
rPois    +         Spirit   .   (no helmet)
rElec    +         Reflect  .   (no cloak)
rCorr    +         Harm     .   (no gloves)
MR       ++...     NoTele   +   (no boots) Stlth ..........NoCast +
                                M - amulet of the Griffon {Regen+ Slay+2}
HPRegen  0.61/turn              u - ring "Cucuown" {rPois rF+ rC+}
MPRegen  0.15/turn              w - ring of wizardry

@: protected from electricity, studying Unarmed Combat, repel missiles, slow
A: +LOS, swims, slowness 1, strong legs 1
a: Hop, Upheaval, Elemental Force, Disaster Area, Renounce Religion


You were in the Dungeon.
You worshipped Qazlal.
Qazlal was exalted by your worship.
You were hungry.

You visited 1 branch

Inventory:

Hand Weapons
 H - the +7 Screaming Sword (weapon) {slice, sonic wave}
   (You found it in the Dungeon)

   It inflicts extra damage upon your enemies.
 I - the +11 plutonium sword {*Contam Stlth-}
   (You found it in the Dungeon)

   It causes magical contamination when unequipped.
   It makes you less stealthy.
 J - the +9 sword of Zonguldrok {reap}
   (You found it in the Dungeon)

   If a monster killed with it leaves a corpse in good enough shape, the corpse
   will be animated as a zombie friendly to the killer.
 N - a +6 triple sword
 X - a +7 lajatang of electrocution
Missiles
 R - 19 tomahawks (quivered)
Armour
 K - the +15 Maxwell's patent armour (worn) {-Cast -Tele rElec MR+ rCorr}
   (You found it in the Dungeon)

   It insulates you from electricity.
   It affects your resistance to hostile enchantments.
   It prevents spellcasting.
   It prevents most forms of teleportation.
   It provides partial protection from all sources of acid and corrosion.
 L - the +18 shield of the Gong (worn) {rElec rN+ MR+ EV-5}
   (You found it in the Dungeon)

   It affects your evasion (-5).
   It insulates you from electricity.
   It protects you from negative energy.
   It affects your resistance to hostile enchantments.
 O - +5 fire dragon scales
 P - +5 ice dragon scales
Magical Staves
 D - an uncursed staff of energy
Jewellery
 u - the ring "Cucuown" (left hand) {rPois rF+ rC+}
   (You found it in the Dungeon)

   [ring of protection from cold]

   It protects you from fire.
   It protects you from cold.
   It protects you from poison.
 v - a +6 ring of dexterity
 w - a ring of wizardry (right hand)
 x - a +6 ring of intelligence
 y - a +6 ring of strength
 z - a +6 ring of strength
 F - an uncursed ring of flight
 M - the amulet of the Griffon (around neck) {Regen+ Slay+2}
   (You found it in the Dungeon)

   [amulet of regeneration]

   It affects your accuracy and damage with ranged weapons and melee attacks
   (+2).
   It increases your rate of regeneration.
 U - a +2 ring of protection
Wands
 A - a wand of disintegration (7)
 B - a wand of iceblast (6)
 C - a wand of acid (7)
Scrolls
 i - 4 scrolls of blinking
 o - 4 scrolls of amnesia
 p - 7 scrolls of fog
 q - a scroll of holy word
 r - 5 scrolls of identify
 s - 5 scrolls of remove curse
 t - 2 scrolls of fear
 W - 3 scrolls of enchant weapon
 Y - a scroll of brand weapon
Potions
 b - 2 potions of brilliance
 d - 10 potions of curing
 e - 11 potions of heal wounds
 f - 6 potions of haste
 g - 7 potions of magic
 h - 3 potions of berserk rage
 j - 2 potions of invisibility
 k - 4 potions of resistance
 m - 5 potions of agility
 n - 5 potions of might
Books
 Z - a manual of Unarmed Combat
Miscellaneous
 a - a phial of floods
 l - 3 sacks of spiders
 E - a crystal ball of energy
 G - a lightning rod (4/4)
 Q - 3 phantom mirrors
 T - a lamp of fire
 V - a box of beasts
Comestibles
 c - 7 rations


   Skills:
 + Level 3.9 Fighting
 * Level 18.9 Long Blades
 - Level 8.2 Armour
 + Level 4.2 Dodging
 - Level 1.7 Stealth
 - Level 2.1 Spellcasting
 - Level 1.1 Conjurations
 - Level 5.1 Hexes
 - Level 6.3 Charms
 * Level 6.0 Translocations
 - Level 5.7 Ice Magic
 + Level 10.6 Invocations


You had one spell level left.
You knew the following spells:

 Your Spells              Type           Power        Failure   Level  Hunger
a - Freeze                Ice            ####         100%        1    #......
b - Throw Icicle          Conj/Ice       ###.....     100%        4    #####..
c - Spectral Weapon       Hex/Chrm       ####....     100%        3    ###....
d - Force Lance           Conj/Tloc      ###.....     100%        4    #####..

Your spell library contained the following spells:

 Spells                   Type           Power        Failure   Level  Hunger
 Animate Skeleton         Necr           N/A          100%        1    #......
 Infusion                 Chrm           ####         100%        1    #......
 Pain                     Necr           #...         100%        1    #......
 Sandblast                Erth           #.....       100%        1    #......
 Passwall                 Tmut/Erth      #.......     100%        2    ##.....
 Shroud of Golubria       Chrm/Tloc      ####......   100%        2    ##.....
 Song of Slaying          Chrm           ####....     100%        2    ##.....
 Throw Frost              Conj/Ice       ###...       100%        2    ##.....
 Gell's Gravitas          Tloc           ####......   100%        3    ###....
 Ozocubu's Armour         Chrm/Ice       ####....     100%        3    ###....
 Portal Projectile        Hex/Tloc       ###...       100%        3    ###....
 Regeneration             Chrm/Necr      ##........   100%        3    ###....
 Stone Arrow              Conj/Erth      #.....       100%        3    ###....
 Vampiric Draining        Necr           #.........   100%        3    ###....
 Animate Dead             Necr           N/A          100%        4    #####..
 Petrify                  Tmut/Erth      #.......     100%        4    #####..
 Summon Ice Beast         Ice/Summ       ##......     100%        4    #####..
 Lee's Rapid Deconstruct  Erth           #.........   100%        5    ######.
 Dispersal                Tloc           ####......   100%        6    #######
 Controlled Blink         Tloc           N/A          100%        8    #######
 Disjunction              Tloc           ####......   100%        8    #######


Dungeon Overview and Level Annotations

Branches:
Dungeon (1/1)

Altars:
Ashenzari
Cheibriados
Dithmenos
Elyvilon
Fedhas
Gozag
Hepliaklqana
Kikubaaqudgha
Makhleb
Nemelex Xobeh
Okawaru
Qazlal
Ru
Sif Muna
Trog
Uskayaw
Vehumet
Wu Jian
Xom
Yredelemnul
Zin
The Shining One
Beogh
Jiyva
Lugonu


Innate Abilities, Weirdness & Mutations

Shadows flee at your approach. (+LOS)
You can swim through water.
You cover ground slowly.
You can hop short distances.


Message History

The green draconian is flash-frozen.
The blast of ice hits the black draconian.
The black draconian is moderately wounded.
The black draconian is flash-frozen.
The blast of ice hits the green draconian shifter.
The green draconian shifter is moderately wounded.
The green draconian shifter is flash-frozen.
The purple draconian breathes dispelling energy at you.
The bolt of dispelling energy hits you!
You feel protected from physical attacks.
The purple draconian breathes dispelling energy at you.
The bolt of dispelling energy hits you!
* * * LOW HITPOINT WARNING * * *
The black draconian breathes lightning at you.
The bolt of lightning hits you! You resist.
Your resistance to physical damage fades away.
You feel protected from electricity.
* * * LOW HITPOINT WARNING * * *
The bolt of lightning hits you! You resist.
You die...

▓..:[))=..▓..|°=..°.▓
▓..[:dd[..▓...○.)}..▓
▓..dddddd.▓...)).°..▓
▓...qd....▓.....)...▓
▓.........▓...).....▓
▓.........▓...))....▓
▓..○......▓.........▓
▓.▓..☼.○▓.▓....©....▓
▓....@....▓▓▓▓▓▓▓▓▓▓▓
▓▓▓▓▓▓▓▓▓▓▓


You could see 2 draconians, 2 draconians, 2 draconians, a red draconian, 2
draconians and a green draconian shifter.

Vanquished Creatures
  A smoke demon (D)
  6 merfolk (D)
  3 hornets (D)
  A hippogriff (D)
  4 spriggans (D)
  2 fire elementals (D)
  2 porcupines (D)
  2 hell hounds (D)
  2 black bears (D)
  4 orc warriors (D)
  2 wolves (D)
  2 centaurs (D)
  A bullfrog (D)
  A small abomination (D)
  3 orc priests (D)
  An iron imp (D)
  9 orc wizards (D)
  An iguana (D)
  A shadow imp (D)
  An ufetubus (D)
  6 orcs (D)
  A fire vortex (D)
56 creatures vanquished.

Vanquished Creatures (others)
  A spatial maelstrom (D)
1 creature vanquished.

Grand Total: 57 creatures vanquished

Notes
Turn   | Place    | Note
-------+----------+-------------------------------------------
     0 | D        | Found the +6 Majin-Bo {vamp, Archmagi MP+6 Int+6}
     0 | D        | Found the +7 great mace "Firestarter" {inner flame, rF++}
     0 | D        | Leeroy the Barachi Ice Elementalist began the quest for the
                  | Orb.
     0 | D        | Reached XP level 1. HP: 13/13 MP: 3/3
     0 | D        | Found a transporter.
     0 | D        | Found an ancient bone altar of Kikubaaqudgha.
     0 | D        | Found a viscous altar of Jiyva.
     0 | D        | Found a corrupted altar of Lugonu.
     0 | D        | Found a hazy altar of Hepliaklqana.
     0 | D        | Found a burning altar of Makhleb.
     0 | D        | Found an opulent altar of Gozag.
    15 | D        | Banished a spatial maelstrom
    22 | D        | Found the +6 shillelagh "Devastator" {shatter}
    22 | D        | Found the +11 plutonium sword {*Contam Stlth-}
    22 | D        | Found the +8 lance "Wyrmbane" {slay drac, rPois rF+ rC+
                  | AC+3}
    22 | D        | Found the +9 sword of Zonguldrok {reap}
    22 | D        | Found the cursed +13 scythe of Curses {drain, *Curse}
    22 | D        | Found the +0 sword of Power
    22 | D        | Found the +7 mace of Variability {chain chaos}
    22 | D        | Found the +7 Singing Sword {slice, sonic wave}
    22 | D        | Found the +7 longbow "Piercer" {penet, EV-2}
    24 | D        | Found the +9 heavy crossbow "Sniper" {velocity, Acc+∞ SInv}
    24 | D        | Found the +10 dark maul {crush}
    24 | D        | Found the +15 Maxwell's patent armour {-Cast -Tele rElec
                  | MR+ rCorr}
    24 | D        | Found the +18 shield of the Gong {rElec rN+ MR+ EV-5}
    24 | D        | Found the cursed +14 obsidian axe {chop, +Fly SInv *Curse}
    66 | D        | Became a worshipper of Qazlal Stormbringer
    96 | D        | Reached skill level 8 in Long Blades
    96 | D        | Reached XP level 2. HP: 19/19 MP: 5/5
    97 | D        | Entered arena 2.
    97 | D        | Found a transporter.
   114 | D        | Reached skill level 9 in Long Blades
   121 | D        | Reached * piety under Qazlal
   121 | D        | Reached skill level 10 in Long Blades
   121 | D        | Reached XP level 3. HP: 4/24 MP: 6/6
   461 | D        | Entered arena 3.
   461 | D        | Noticed a merfolk
   461 | D        | Noticed a merfolk
   461 | D        | Noticed a merfolk
   461 | D        | Found a transporter.
   468 | D        | Killed a merfolk
   468 | D        | Reached skill level 14 in Long Blades
   468 | D        | Reached XP level 4. HP: 21/30 MP: 7/7
   468 | D        | Reached XP level 5. HP: 24/35 MP: 8/8
   468 | D        | Reached XP level 6. HP: 28/41 MP: 9/9
   481 | D        | Killed a merfolk
   481 | D        | Reached skill level 16 in Long Blades
   481 | D        | Reached XP level 7. HP: 25/46 MP: 10/10
   496 | D        | Killed a merfolk
   496 | D        | Reached ** piety under Qazlal
   496 | D        | Reached skill level 5 in Invocations
   514 | D        | Learned a level 4 spell: Throw Icicle
   518 | D        | Learned a level 3 spell: Spectral Weapon
   678 | D        | Entered arena 4.
   678 | D        | Found a transporter.
   684 | D        | Reached XP level 8. HP: 52/52 MP: 12/12
   686 | D        | Reached *** piety under Qazlal
   702 | D        | Entered arena 5.
   702 | D        | Noticed a smoke demon
   702 | D        | Found a transporter.
   706 | D        | Reached skill level 5 in Hexes
   711 | D        | Killed a smoke demon
   814 | D        | Entered arena 6.
   814 | D        | Found a transporter.
   819 | D        | Reached **** piety under Qazlal
   819 | D        | Reached skill level 5 in Armour
   822 | D        | Reached skill level 1 in Charms
   827 | D        | Reached XP level 9. HP: 52/57 MP: 7/16
  1016 | D        | Entered arena 7.
  1016 | D        | Noticed a merfolk
  1016 | D        | Noticed a merfolk
  1016 | D        | Noticed a merfolk
  1016 | D        | Found a transporter.
  1022 | D        | Reached skill level 17 in Long Blades
  1022 | D        | Killed a merfolk
  1022 | D        | Reached skill level 5 in Charms
  1024 | D        | Killed a merfolk
  1025 | D        | Reached ***** piety under Qazlal
  1031 | D        | Killed a merfolk
  1031 | D        | Reached skill level 10 in Invocations
  1217 | D        | Entered arena 8.
  1217 | D        | Found a transporter.
  1227 | D        | Reached skill level 5 in Ice Magic
  1320 | D        | Entered arena 9.
  1320 | D        | Found a transporter.
  1328 | D        | Reached ****** piety under Qazlal
  1360 | D        | Learned a level 4 spell: Force Lance
  1369 | D        | Entered arena 10.
  1369 | D        | Noticed a spriggan rider
  1369 | D        | Noticed a spriggan rider
  1369 | D        | Noticed a spriggan rider
  1369 | D        | Found a transporter.
  1371 | D        | Reached skill level 1 in Fighting
  1372 | D        | Reached skill level 1 in Translocations
  1372 | D        | Reached XP level 10. HP: 47/66 MP: 17/17
  1377 | D        | Reached skill level 18 in Long Blades
  1382 | D        | Reached skill level 5 in Translocations
  1405 | D        | Got the amulet of the Griffon {Regen+ Slay+2}
  1616 | D        | Entered arena 11.
  1616 | D        | Found a transporter.
  1663 | D        | Got the ring "Cucuown" {rPois rF+ rC+}
  1670 | D        | Entered arena 12.
  1670 | D        | Noticed a black draconian
  1670 | D        | Noticed a white draconian
  1670 | D        | Noticed a green draconian
  1670 | D        | Noticed a green draconian
  1670 | D        | Noticed a white draconian
  1670 | D        | Noticed a green draconian shifter
  1670 | D        | Noticed a purple draconian
  1670 | D        | Noticed a black draconian
  1670 | D        | Noticed a red draconian
  1670 | D        | Noticed a purple draconian
  1671 | D        | Killed from afar by a black draconian

Vault maps used:
D:        sprint_v

Skill      XL: |  1  2  3  4  5  6  7  8  9 10 |
---------------+-------------------------------+-----
Long Blades    | 8 10 14 16 17 18 | 18.9
Invocations    | 6 9 10 | 10.6
Hexes          | 4 5 |  5.1
Armour         | 6 8 |  8.2
Charms         | 3 6 |  6.3
Ice Magic      | 5 |  5.7
Fighting       | 1 3 |  3.9
Translocations | 1 6 |  6.0
Dodging        | 4 |  4.2
Stealth        | |  1.7
Spellcasting   | |  2.1
Conjurations   | |  1.1

Action                   |  1- 3 |  4- 6 |  7- 9 | 10-12 || total
-------------------------+-------+-------+-------+-------++-------
Melee: Demon blade       |    26 |    13 |    16 |       ||    55
       Double sword      |       |       |    59 |    21 ||    80
Invok: Upheaval          |       |       |     6 |     3 ||     9
Evoke: Lightning rod     |     1 |       |     7 |       ||     8
       Wand              |     1 |       |       |       ||     1
  Use: Potion            |     1 |       |     2 |     1 ||     4
       Scroll            |       |       |     1 |       ||     1
  Eat: Chunk             |       |       |     2 |       ||     2
Armor: Plate armour      |     8 |     1 |    28 |    15 ||    52
Block: Shield            |    32 |    13 |   100 |    32 ||   177

Table legend:
 A = Non-vault XP
 B = Vault XP
 C = Vault XP percentage of total XP
 D = Non-vault monster count
 E = Vault monster count
 F = Vault count percentage of total count
                 A         B        C        D         E       F
            +---------+---------+-------+---------+---------+-------
      Total |     631 |    6430 |  91.1 |       3 |      52 |  94.5
            +---------+---------+-------+---------+---------+-------
          D |     631 |    6430 |  91.1 |       3 |      52 |  94.5
            +---------+---------+-------+---------+---------+-------
